Map: Taito Citadel LE

Players

Fantasy - Winner!

  • Race: Terran Terran
  • League: Master
  • Spawn Location: 11:00

VOD

Have the link to the VOD?

Description

Time

  • Played on: March 8, 2026, 3:54 p.m.
  • Length: 16:03
Show
View Real Time Build Order
Export as new Build Order

Fantasy Terran - Winner!

Build Orders:  

Get SALT Encoding   

  12  0:00  SCV  
  13  0:17  SCV  
  14  0:23  Supply Depot  
  14  0:34  SCV  
  15  0:53  SCV  
  15  0:56  Barracks  
  16  1:01  Refinery  
  16  1:10  SCV  
  17  1:27  SCV  
  18  1:44  SCV  
  19  2:01  Orbital Command  
  19  2:07  Reaper  
  20  2:25  Command Center  
  20  2:32  Supply Depot  
  20  2:36  SCV  
  21  2:47  Marine  
  22  2:53  SCV  
  22  2:59  Factory  
  23  3:10  SCV  
  23  3:11  Refinery  
  23  3:16  Barracks Reactor  
  24  3:27  SCV  
  25  3:35  Bunker  
  25  3:44  SCV  
  26  3:50  Engineering Bay  
  26  3:54  Engineering Bay  
  26  3:59  Factory Tech Lab  
  26  4:06  Orbital Command  
  26  4:11  SCV  
  26  4:16  Marine  
  28  4:21  Marine  
  29  4:35  Terran Infantry Weapons Level 1, Terran Infantry Armor Level 1  
  29  4:39  SCV  
  30  4:43  SCV  
  30  4:46  Marine  
  30  4:49  Marine  
  33  4:56  SCV  
  34  5:03  Cyclone  
  34  5:07  SCV  
  38  5:11  Marine  
  38  5:13  SCV  
  38  5:14  Marine  
  41  5:24  SCV  
  41  5:25  Supply Depot  
  42  5:33  SCV  
  42  5:36  Marine  
  42  5:39  Marine  
  45  5:41  SCV  
  46  5:51  Armory  
  46  5:55  Siege Tank  
  46  5:56  Refinery  
  46  5:57  Refinery, SCV  
  46  5:58  SCV  
  51  6:01  Marine  
  51  6:04  Marine  
  53  6:10  Supply Depot  
  53  6:14  SCV  
  54  6:40  SCV x2, Marine x2  
  54  6:43  Supply Depot  
  58  6:53  Factory Tech Lab  
  58  6:56  Barracks  
  58  6:57  SCV x2  
  60  7:02  Barracks  
  60  7:14  SCV x2  
  60  7:16  Terran Infantry Weapons Level 2, Terran Infantry Armor Level 2  
  60  7:17  Marine x2  
  64  7:31  SCV x2, Starport  
  64  7:35  Stimpack, Factory Reactor  
  64  7:39  Supply Depot  
  66  7:46  Marine  
  66  7:47  Marine  
  66  7:48  SCV  
  69  7:51  SCV  
  69  7:57  Supply Depot  
  70  8:09  SCV x2, Marauder  
  74  8:12  Supply Depot  
  74  8:26  SCV x2  
  74  8:29  Marauder  
  78  8:31  Marine x2  
  78  8:32  Medivac  
  78  8:33  Medivac  
  78  8:35  Factory Tech Lab  
  78  8:38  Supply Depot  
  84  8:40  Supply Depot  
  84  8:43  SCV x2  
  84  8:45  Siege Tank, Marauder  
  88  8:51  Unknown  
  88  9:00  SCV x2  
  88  9:02  Siege Tank  
  93  9:17  SCV x2  
  95  9:24  Marine x2, Command Center  
  95  9:25  Marine  
  95  9:28  Marine  
  99  9:35  SCV  
  99  9:36  SCV  
  101  9:47  Medivac x2  
  101  9:48  Marine  
  106  9:50  Marine  
  106  9:51  Marauder  
  109  10:03  Supply Depot  
  109  10:07  Supply Depot  
  109  10:10  SCV  
  109  10:11  SCV, Marauder, Siege Tank  
  116  10:21  Marine x2  
  116  10:27  Marauder  
  104  10:41  Marauder  
  104  10:43  Terran Infantry Weapons Level 3  
  104  10:49  Terran Infantry Armor Level 3  
  104  10:52  Marine x2  
  104  10:54  SCV x2  
  104  10:56  Siege Tank  
  104  10:57  Marine  
  112  11:04  Supply Depot  
  112  11:06  Supply Depot  
  112  11:11  Marine  
  112  11:13  Medivac  
  112  11:16  Marine  
  112  11:17  Marine  
  117  11:22  Marauder  
  119  11:36  Marauder  
  121  11:41  Marine  
  121  11:42  Marine  
  121  11:47  Supply Depot  
  126  11:52  Supply Depot, Marine  
  127  12:06  Marine x2  
  127  12:07  Marine  
  127  12:09  Siege Tank  
  130  12:17  Marine  
  130  12:18  Supply Depot  
  128  12:23  Supply Depot  
  128  12:29  Siege Tank  
  128  12:30  Medivac x2  
  128  12:31  Marine x2  
  128  12:32  Marine  
  128  12:37  SCV  
  137  12:41  Refinery  
  137  12:42  Command Center, Marine  
  137  12:43  Orbital Command  
  137  12:44  Refinery  
  137  12:45  Siege Tank x3  
  137  12:46  Siege Tank  
  138  12:56  Marine x2  
  140  13:07  SCV  
  140  13:08  Marine  
  140  13:09  Marine  
  142  13:13  Medivac x2  
  142  13:14  Siege Tank  
  149  13:21  Marine x2  
  138  13:33  Marine  
  138  13:34  Marine  
  133  13:45  Marine  
  133  13:46  Marine  
  130  13:55  Supply Depot  
  130  13:59  Marine, Siege Tank  
  136  14:10  Marine  
  131  14:24  Marine  
  126  14:30  SCV x2  
  126  14:35  Marine, Planetary Fortress  
  129  14:40  Barracks  
  129  14:45  Barracks  
  129  14:47  Factory  
  129  14:49  Barracks  
  125  14:50  Factory  
  125  14:51  Starport  
  125  14:53  Siege Tank x2  
  125  14:54  Siege Tank x2  
  125  14:57  Starport  
  104  15:22  SCV  
  104  15:23  SCV  
  105  15:39  SCV  
Tags
 
Add a new tag
Caveats
  • Supply blocks, unpowered buildings, or Contaminate may cause inaccurate times.
  • Supply counts are checked every 10 seconds.